Map: Deathaura LE

Players

TLHarstem (Harstem)

  • Race: Protoss Protoss
  • League: Master
  • Spawn Location: 5:00

ShoWTimE - Winner!

  • Race: Protoss Protoss
  • League: Master
  • Spawn Location: 11:00

Event: DreamHack SC2 Masters 2020 Winter

VOD

Have the link to the VOD?

Description

Time

  • Played on: Oct. 29, 2020, 12:50 p.m.
  • Length: 6:11

All games in this series

Show
View Real Time Build Order
Export as new Build Order

TLHarstem Protoss 

Build Orders:  

Get SALT Encoding   

  12  0:00  Probe  
  13  0:13  Probe (Chrono Boost)  
  14  0:17  Pylon  
  14  0:23  Probe (Chrono Boost)  
  16  0:38  Forge  
  15  0:57  Pylon  
  15  1:00  Pylon  
  15  1:03  Pylon  
  15  1:15  Photon Cannon  
  15  1:17  Photon Cannon  
  15  1:23  Probe  
  16  1:31  Gateway  
  16  1:35  Probe  
  16  1:37  Assimilator  
  17  1:52  Pylon  
  17  1:53  Probe  
  18  2:00  Assimilator  
  18  2:05  Probe  
  19  2:17  Probe (Chrono Boost)  
  19  2:20  Cybernetics Core  
  20  2:29  Probe (Chrono Boost)  
  21  2:35  Probe (Chrono Boost)  
  22  2:38  Pylon  
  23  2:47  Probe  
  23  2:53  Adept (Chrono Boost)  
  25  3:00  Stargate  
  25  3:02  Probe  
  26  3:05  Pylon  
  26  3:14  Probe  
  26  3:17  Adept  
  29  3:22  Shield Battery  
  29  3:34  Void Ray (Chrono Boost)  
  29  3:47  Pylon  
  33  3:52  Shield Battery  
  33  4:06  Robotics Facility  
  33  4:10  Shield Battery  
  33  4:16  Shield Battery  
  33  4:20  Void Ray  
  37  4:43  Shield Battery  
  37  4:57  Pylon  
  37  5:02  Immortal (Chrono Boost)  
  39  5:18  Shield Battery  
  43  5:24  Shield Battery  
  39  5:30  Immortal (Chrono Boost)  
  39  5:31  Sentry  
  45  5:40  Shield Battery  
Show
View Real Time Build Order
Export as new Build Order

ShoWTimE Protoss - Winner!

Build Orders:  

Get SALT Encoding   

  12  0:00  Probe  
  13  0:12  Probe  
  14  0:17  Pylon  
  14  0:24  Probe (Chrono Boost)  
  15  0:36  Gateway, Probe (Chrono Boost)  
  16  0:44  Probe (Chrono Boost)  
  16  0:47  Assimilator  
  17  0:50  Probe  
  17  0:54  Assimilator  
  19  1:07  Forge  
  19  1:10  Pylon  
  18  1:12  Probe  
  19  1:20  Pylon  
  19  1:39  Photon Cannon  
  19  1:40  Probe  
  19  1:43  Cybernetics Core  
  20  1:56  Photon Cannon  
  20  2:08  Gateway  
  20  2:13  Assimilator, Probe  
  23  2:23  Warp Gate (Chrono Boost)  
  23  2:25  Probe  
  25  2:37  Probe  
  25  2:42  Pylon  
  23  2:52  Stalker (Chrono Boost), Gateway  
  25  3:02  Gateway  
  25  3:09  Shield Battery  
  25  3:18  Stalker  
  27  3:21  Probe  
  27  3:34  Shield Battery  
  27  3:38  Probe  
  27  3:52  Shield Battery  
  27  3:54  Probe  
  28  4:04  Stalker x3  
  34  4:16  Shield Battery  
  34  4:21  Pylon  
  34  4:28  Stalker x2  
  38  4:40  Stalker  
  40  4:52  Stalker x2  
  44  4:59  Pylon  
  44  5:08  Stalker  
  44  5:19  Stalker  
  46  5:25  Stalker  
  48  5:32  Stalker  
  50  5:43  Stalker  
  50  5:54  Stalker  
  48  5:57  Stalker  
  50  6:06  Pylon  
Tags
 
Add a new tag
Caveats
  • Supply blocks, unpowered buildings, or Contaminate may cause inaccurate times.
  • Supply counts are checked every 10 seconds.